TOP OF THE 1ST |
Palmyra Overlords batting - Pitching for Washington DC Hot Sauce : RHP Andre Huff
|
Pitching: RHP Andre Huff
|
|
Batting: LHB Mauro López
|
0-0: Ball 1-0: Called Strike 1-1: Foul Ball, location: 2F 1-2: Strikes out swinging
|
Batting: SHB José Rincón
|
0-0: Ball 1-0: Ball 2-0: Called Strike 2-1: Foul Ball, location: 2F 2-2: Ball 3-2: Foul Ball, location: 2F 3-2: Ground out 1-3 (Groundball, 15S)
|
Batting: RHB Edmund Swanson
|
0-0: Swinging Strike 0-1: Called Strike 0-2: Ball 1-2: SINGLE (Flyball, 9LM)
|
Batting: LHB Ramón Morán
|
0-0: Called Strike 0-1: Ball 1-1: Ball 2-1: Ball 3-1: Called Strike 3-2: 2-RUN HOME RUN (Flyball, 78D), Distance : 411 ft
|
Batting: RHB José Gonzáles
|
0-0: SOLO HOME RUN (Flyball, 78XD), Distance : 413 ft
|
Batting: RHB David Rodríguez
|
0-0: Ground out 6-3 (Groundball, 56)
|
Top of the 1st over - 3 run(s), 3 hit(s), 0 error(s), 0 left on base; Palmyra 3 - Washington DC 0 |
BOTTOM OF THE 1ST |
Washington DC Hot Sauce batting - Pitching for Palmyra Overlords : RHP Michael Bane
|
Pitching: RHP Michael Bane
|
|
Batting: LHB Roderick Delgado
|
0-0: Foul Ball, location: 2F 0-1: Foul Ball, location: 2F 0-2: Ball 1-2: Ball 2-2: Foul Ball, location: 2F 2-2: Ball 3-2: Foul Ball, location: 2F 3-2: DOUBLE (Line Drive, 7LD)
|
Batting: LHB Ethan Shaw
|
0-0: Ball 1-0: Foul Ball, location: 2F 1-1: Ground out 1-3 (Groundball, 13) Roderick Delgado to third
|
Batting: RHB Jake Reeves
|
0-0: Ball 1-0: Fly out, F7 (Line Drive, 78S) Runner from 3rd tags up, SCORES, no throw
|
Batting: RHB Dan Salazar
|
0-0: Swinging Strike 0-1: Ball 1-1: SINGLE (Line Drive, 5D)
|
Batting: RHB Juan García
|
0-0: Swinging Strike 0-1: Foul Ball, location: 2F 0-2: Reached on error, E8 (Flyball, 78M) Dan Salazar to third
|
Batting: RHB Juan Vélez
|
0-0: Ball 1-0: Ball 2-0: Ball Wild Pitch! Dan Salazar scores Juan García to third 3-0: Called Strike 3-1: DOUBLE (Line Drive, 8LD) Juan García scores
|
Batting: RHB Jake Lawrence
|
0-0: Ball 1-0: Ball 2-0: Called Strike 2-1: Foul Ball, location: 2F 2-2: Ball 3-2: Foul Ball, location: 2F 3-2: Base on Balls
|
Batting: SHB Tony Varela
|
0-0: Swinging Strike 0-1: Ball 1-1: Ball 2-1: Foul Ball, location: 2F 2-2: Ball 3-2: Foul Ball, location: 2F 3-2: SINGLE (Line Drive, 56D) Juan Vélez to third Jake Lawrence to second Juan Vélez scores Jake Lawrence to third
|
Batting: RHB Germán Ontiveros
|
0-0: Foul Ball, location: 2F 0-1: Ball 1-1: Ball 2-1: Ball 3-1: Base on Balls Tony Varela to second
|
Batting: LHB Roderick Delgado
|
0-0: Called Strike 0-1: Ball Wild Pitch! Jake Lawrence scores Tony Varela to third Germán Ontiveros to second 1-1: Ball Wild Pitch! Tony Varela scores Germán Ontiveros to third 2-1: Ball Passed Ball! Germán Ontiveros scores 3-1: Reached on error, E4 (Groundball, 34)
|
Pitching: RHP Jack Bass
|
|
Batting: LHB Ethan Shaw
|
0-0: SINGLE (Groundball, 6MD) Roderick Delgado to second Runner from 2nd tries for 3rd, SAFE, throw made to third
|
Batting: RHB Jake Reeves
|
0-0: Fly out, F8 (Flyball, 8LS)
|
Bottom of the 1st over - 7 run(s), 5 hit(s), 2 error(s), 2 left on base; Palmyra 3 - Washington DC 7 |
TOP OF THE 2ND |
Palmyra Overlords batting - Pitching for Washington DC Hot Sauce : RHP Andre Huff
|
Batting: SHB Travis Martin
|
0-0: Called Strike 0-1: Ball 1-1: Ball 2-1: SINGLE (Flyball, 89S)
|
Batting: RHB Will Anderson
|
0-0: Called Strike 0-1: Swinging Strike 0-2: Strikes out swinging
|
Batting: LHB Christian Lovelass
|
0-0: Ball 1-0: Foul Ball, location: 2F 1-1: Ball 2-1: Foul Ball, location: 2F 2-2: Strikes out swinging
|
Batting: LHB Mauro López
|
0-0: Called Strike 0-1: Fielders Choice at 2nd, 4-6 (Groundball, 4)
|
Top of the 2nd over - 0 run(s), 1 hit(s), 0 error(s), 0 left on base; Palmyra 3 - Washington DC 7 |
BOTTOM OF THE 2ND |
Washington DC Hot Sauce batting - Pitching for Palmyra Overlords : RHP Jack Bass
|
Batting: RHB Dan Salazar
|
0-0: Called Strike 0-1: Ball 1-1: Fly out, F7 (Flyball, 7S)
|
Batting: RHB Juan García
|
0-0: SOLO HOME RUN (Flyball, 7D), Distance : 392 ft
|
Batting: RHB Juan Vélez
|
0-0: Ground out 6-3 (Groundball, 6)
|
Batting: RHB Jake Lawrence
|
0-0: Ball 1-0: SINGLE (Groundball, 6MD)
|
Batting: SHB Tony Varela
|
0-0: Ball 1-0: Ball 2-0: Ball 3-0: Called Strike 3-1: Base on Balls Jake Lawrence to second
|
Batting: RHB Germán Ontiveros
|
0-0: Ball 1-0: Fly out, F1 (Line Drive, 13)
|
Bottom of the 2nd over - 1 run(s), 2 hit(s), 0 error(s), 2 left on base; Palmyra 3 - Washington DC 8 |
TOP OF THE 3RD |
Palmyra Overlords batting - Pitching for Washington DC Hot Sauce : RHP Andre Huff
|
Batting: SHB José Rincón
|
0-0: Ball 1-0: Ball 2-0: DOUBLE (Flyball, 7)
|
Batting: RHB Edmund Swanson
|
0-0: Swinging Strike 0-1: Foul Ball, location: 2F 0-2: Ball 1-2: SINGLE (Flyball, 7LS) José Rincón to third Runner from 3rd tries for Home, SAFE, no throw
|
Batting: LHB Ramón Morán
|
0-0: Fielders Choice at 2nd, 4-6 (Groundball, 4)
|
Batting: RHB José Gonzáles
|
0-0: Ball 1-0: Ball 2-0: Foul Ball, location: 2F 2-1: Fly out, F7 (Flyball, 7)
|
Batting: RHB David Rodríguez
|
0-0: Swinging Strike Ramón Morán steals 2nd base 0-1: Ball 1-1: Fly out, F4 (Line Drive, 4)
|
Top of the 3rd over - 1 run(s), 2 hit(s), 0 error(s), 1 left on base; Palmyra 4 - Washington DC 8 |
BOTTOM OF THE 3RD |
Washington DC Hot Sauce batting - Pitching for Palmyra Overlords : RHP Jack Bass
|
Batting: LHB Roderick Delgado
|
0-0: Called Strike 0-1: Foul Ball, location: 2F 0-2: Ball 1-2: Ball 2-2: Ball 3-2: Strikes out looking
|
Batting: LHB Ethan Shaw
|
0-0: Fly out, F7 (Flyball, 7)
|
Batting: RHB Jake Reeves
|
0-0: Ball 1-0: Swinging Strike 1-1: Ball 2-1: Swinging Strike 2-2: Foul Ball, location: 2F 2-2: Strikes out swinging
|
Bottom of the 3rd over - 0 run(s), 0 hit(s), 0 error(s), 0 left on base; Palmyra 4 - Washington DC 8 |
TOP OF THE 4TH |
Palmyra Overlords batting - Pitching for Washington DC Hot Sauce : RHP Andre Huff
|
Batting: SHB Travis Martin
|
0-0: Ball 1-0: Ball 2-0: Ball 3-0: Called Strike 3-1: Base on Balls
|
Batting: RHB Will Anderson
|
0-0: Called Strike 0-1: Ball 1-1: Foul Ball, location: 2F 1-2: Fly out, F7 (Flyball, 7LM)
|
Batting: LHB Christian Lovelass
|
0-0: Ball 1-0: Called Strike Travis Martin is caught stealing 2nd base 1-1: Ball 2-1: Swinging Strike 2-2: Ball 3-2: Strikes out swinging
|
Top of the 4th over - 0 run(s), 0 hit(s), 0 error(s), 0 left on base; Palmyra 4 - Washington DC 8 |
BOTTOM OF THE 4TH |
Washington DC Hot Sauce batting - Pitching for Palmyra Overlords : RHP Jack Bass
|
Batting: RHB Dan Salazar
|
0-0: Ball 1-0: Fly out, F7 (Line Drive, 7)
|
Batting: RHB Juan García
|
0-0: Called Strike 0-1: Swinging Strike 0-2: Ball 1-2: Ball 2-2: Strikes out swinging
|
Batting: RHB Juan Vélez
|
0-0: Ball 1-0: Fly out, F8 (Flyball, 8LM)
|
Bottom of the 4th over - 0 run(s), 0 hit(s), 0 error(s), 0 left on base; Palmyra 4 - Washington DC 8 |
TOP OF THE 5TH |
Palmyra Overlords batting - Pitching for Washington DC Hot Sauce : RHP Andre Huff
|
Pitching: RHP Jeremiah Harris
|
|
Batting: LHB Mauro López
|
0-0: Foul Ball, location: 2F 0-1: SINGLE (Groundball, 3D)
|
Batting: SHB José Rincón
|
0-0: Ball Mauro López steals 2nd base 1-0: Ball 2-0: Hit by Pitch
|
Batting: RHB Edmund Swanson
|
0-0: Called Strike 0-1: Ball 1-1: Swinging Strike 1-2: Foul Ball, location: 2F 1-2: Strikes out swinging
|
Batting: LHB Ramón Morán
|
0-0: Ball 1-0: Ball 2-0: Fielders Choice at 2nd, 4-6 (Groundball, 4M) Mauro López to third
|
Batting: RHB José Gonzáles
|
0-0: Foul Ball, location: 2F 0-1: Ball 1-1: Fly out, F9 (Flyball, 89M)
|
Top of the 5th over - 0 run(s), 1 hit(s), 0 error(s), 2 left on base; Palmyra 4 - Washington DC 8 |
BOTTOM OF THE 5TH |
Washington DC Hot Sauce batting - Pitching for Palmyra Overlords : RHP Jack Bass
|
Batting: RHB Jake Lawrence
|
0-0: Called Strike 0-1: Foul Ball, location: 2F 0-2: Foul Ball, location: 2F 0-2: Foul Ball, location: 2F 0-2: SINGLE (Groundball, 6MD)
|
Batting: SHB Tony Varela
|
0-0: Ball 1-0: Ball 2-0: Called Strike 2-1: Ball 3-1: Base on Balls Jake Lawrence to second
|
Batting: RHB Germán Ontiveros
|
0-0: Fly out, F5 (Popup, 5L)
|
Batting: LHB Roderick Delgado
|
0-0: Foul Ball, location: 2F 0-1: Ball 1-1: Swinging Strike 1-2: Strikes out looking
|
Pitching: RHP Alfonso Silva
|
|
Batting: LHB Ethan Shaw
|
0-0: Fly out, F4 (Line Drive, 4M)
|
Bottom of the 5th over - 0 run(s), 1 hit(s), 0 error(s), 2 left on base; Palmyra 4 - Washington DC 8 |
TOP OF THE 6TH |
Palmyra Overlords batting - Pitching for Washington DC Hot Sauce : RHP Jeremiah Harris
|
Batting: RHB David Rodríguez
|
0-0: Ball 1-0: Ground out 6-3 (Groundball, 6M)
|
Batting: SHB Travis Martin
|
0-0: Ball 1-0: Called Strike 1-1: Swinging Strike 1-2: Ball 2-2: Ball 3-2: Base on Balls
|
Batting: RHB Will Anderson
|
0-0: Called Strike 0-1: Ball 1-1: Foul Ball, location: 2F 1-2: Foul Ball, location: 2F 1-2: SINGLE (Line Drive, 7LS) Travis Martin to second
|
Batting: LHB Christian Lovelass
|
0-0: Ball 1-0: Ball 2-0: Foul Ball, location: 2F 2-1: Fly out, F7 (Flyball, 7)
|
Batting: LHB Mauro López
|
0-0: Ball 1-0: Foul Ball, location: 2F 1-1: Foul Ball, location: 2F 1-2: Ball 2-2: Ball 3-2: Base on Balls Travis Martin to third Will Anderson to second
|
Batting: SHB José Rincón
|
0-0: Ball 1-0: Foul Ball, location: 2F 1-1: Called Strike 1-2: Ball 2-2: Strikes out swinging
|
Top of the 6th over - 0 run(s), 1 hit(s), 0 error(s), 3 left on base; Palmyra 4 - Washington DC 8 |
BOTTOM OF THE 6TH |
Washington DC Hot Sauce batting - Pitching for Palmyra Overlords : RHP Alfonso Silva
|
Batting: RHB Jake Reeves
|
0-0: Ball 1-0: Foul Ball, location: 2F 1-1: Foul Ball, location: 2F 1-2: Strikes out swinging
|
Batting: RHB Dan Salazar
|
0-0: Ground out 6-3 (Groundball, 6)
|
Batting: RHB Juan García
|
0-0: Ball 1-0: Foul Ball, location: 2F 1-1: Foul Ball, location: 2F 1-2: Ball 2-2: SINGLE (Flyball, 9S)
|
Batting: RHB Juan Vélez
|
0-0: Ball 1-0: Called Strike 1-1: Fly out, F4 (Popup, 3D)
|
Bottom of the 6th over - 0 run(s), 1 hit(s), 0 error(s), 1 left on base; Palmyra 4 - Washington DC 8 |
TOP OF THE 7TH |
Palmyra Overlords batting - Pitching for Washington DC Hot Sauce : RHP Jeremiah Harris
|
Batting: RHB Edmund Swanson
|
0-0: Ground out 3-1 (Groundball, 34)
|
Batting: LHB Ramón Morán
|
0-0: Hit by Pitch
|
Batting: RHB José Gonzáles
|
0-0: Called Strike 0-1: Ball 1-1: Fly out, F8 (Flyball, 89XD)
|
Batting: RHB David Rodríguez
|
0-0: Ball 1-0: Ground out 4-3 (Groundball, 4S)
|
Top of the 7th over - 0 run(s), 0 hit(s), 0 error(s), 1 left on base; Palmyra 4 - Washington DC 8 |
BOTTOM OF THE 7TH |
Washington DC Hot Sauce batting - Pitching for Palmyra Overlords : RHP Alfonso Silva
|
Batting: RHB Jake Lawrence
|
0-0: Foul Ball, location: 2F 0-1: SINGLE (Flyball, 89S)
|
Batting: SHB Tony Varela
|
0-0: Sac Bunt - play at first, batter OUT! 1-3 Jake Lawrence to second
|
Batting: RHB Germán Ontiveros
|
0-0: Ball 1-0: Ball Jake Lawrence steals 3rd base 2-0: Foul Ball, location: 2F 2-1: Fly out, F9 (Flyball, 89M) Runner from 3rd tags up, SCORES, no throw
|
Batting: LHB Roderick Delgado
|
0-0: Called Strike 0-1: SINGLE (Line Drive, 8LS)
|
Batting: LHB Ethan Shaw
|
0-0: Swinging Strike 0-1: Foul Ball, location: 2F 0-2: Ball 1-2: Fly out, F8 (Flyball, 8LXD)
|
Bottom of the 7th over - 1 run(s), 2 hit(s), 0 error(s), 1 left on base; Palmyra 4 - Washington DC 9 |
TOP OF THE 8TH |
Palmyra Overlords batting - Pitching for Washington DC Hot Sauce : RHP Jeremiah Harris
|
Pitching: LHP Brett French
|
|
Batting: SHB Travis Martin
|
0-0: Fly out, F9 (Flyball, 9S)
|
Batting: RHB Will Anderson
|
0-0: Ball 1-0: Swinging Strike 1-1: Foul Ball, location: 2F 1-2: DOUBLE (Line Drive, 9LM)
|
Batting: LHB Christian Lovelass
|
0-0: Ball 1-0: Ball 2-0: Ball 3-0: Called Strike 3-1: Called Strike 3-2: Strikes out looking
|
Batting: LHB Mauro López
|
0-0: Fly out, F7 (Flyball, 7S)
|
Top of the 8th over - 0 run(s), 1 hit(s), 0 error(s), 1 left on base; Palmyra 4 - Washington DC 9 |
BOTTOM OF THE 8TH |
Washington DC Hot Sauce batting - Pitching for Palmyra Overlords : RHP Alfonso Silva
|
Batting: RHB Jake Reeves
|
0-0: Called Strike 0-1: Fly out, F9 (Flyball, 89XD)
|
Batting: RHB Dan Salazar
|
0-0: Ball 1-0: Called Strike 1-1: Ball 2-1: Reached on error, E6 (Groundball, 6)
|
Batting: RHB Juan García
|
0-0: Foul Ball, location: 2F 0-1: Ball 1-1: Ball 2-1: Swinging Strike 2-2: Ball 3-2: SINGLE (Groundball, 34D) Dan Salazar to second Runner from 2nd tries for 3rd, OUT!
|
Batting: RHB Juan Vélez
|
0-0: Called Strike 0-1: TRIPLE (Flyball, 7) Juan García scores
|
Batting: RHB Jake Lawrence
|
0-0: Called Strike 0-1: Ball 1-1: Swinging Strike 1-2: Foul Ball, location: 2F 1-2: Ball 2-2: SINGLE (Groundball, 6D) Juan Vélez scores
|
Batting: SHB Tony Varela
|
0-0: Ball 1-0: Ground out 1-3 (Groundball, 13S)
|
Bottom of the 8th over - 2 run(s), 3 hit(s), 1 error(s), 1 left on base; Palmyra 4 - Washington DC 11 |
TOP OF THE 9TH |
Palmyra Overlords batting - Pitching for Washington DC Hot Sauce : LHP Brett French
|
Now at C: Manuel Martínez
|
|
Now at SS: Tim Church
|
|
Batting: SHB José Rincón
|
0-0: Ball 1-0: Ball 2-0: Ball 3-0: Base on Balls
|
Batting: RHB Edmund Swanson
|
0-0: Ball 1-0: Fly out, F9 (Flyball, 9S)
|
Batting: LHB Ramón Morán
|
0-0: Foul Ball, location: 2F 0-1: Ball 1-1: Foul Ball, location: 2F 1-2: Foul Ball, location: 2F 1-2: Strikes out swinging
|
Batting: RHB José Gonzáles
|
0-0: Ball 1-0: Ball 2-0: Ball 3-0: Base on Balls José Rincón to second
|
Batting: RHB David Rodríguez
|
0-0: Foul Ball, location: 2F 0-1: Foul Ball, location: 2F 0-2: SINGLE (Flyball, 8RS) José Rincón to third José Gonzáles to second Runner from 3rd tries for Home, SAFE, no throw
|
Batting: SHB Travis Martin
|
0-0: Ball 1-0: Foul Ball, location: 2F 1-1: Called Strike 1-2: Foul Ball, location: 2F 1-2: SINGLE (Groundball, 56D) José Gonzáles to third David Rodríguez to second Runner from 3rd tries for Home, SAFE, throw made home
|
Pitching: LHP Bartolo Medine
|
|
Batting: RHB Will Anderson
|
0-0: Ball 1-0: Called Strike 1-1: Ground out 3-1 (Groundball, 34)
|
Top of the 9th over - 2 run(s), 2 hit(s), 0 error(s), 2 left on base; Palmyra 6 - Washington DC 11 |
|